 Dungeon Crawl Stone Soup version 0.22.1 (webtiles) character file.

60 MalarOregon the Firebug (level 4, -4/35 HPs)
             Began as a Hill Orc Fire Elementalist on Sept 19, 2018.
             Slain by a bullfrog (7 damage)
             ... on level 2 of the Dungeon.
             The game lasted 00:06:34 (1889 turns).

MalarOregon the Firebug (HOFE)                      Turns: 1889, Time: 00:06:36

Health: -4/35      AC:  3    Str: 10    XL:     4   Next: 4%
Magic:  0/7        EV: 12    Int: 16    God:
Gold:   115        SH:  0    Dex: 11    Spells: 4/7 levels left

rFire    . . .     SeeInvis .   f - +1 hand axe
rCold    . . .     Gourm    .   (no shield)
rNeg     . . .     Faith    .   a - +0 robe
rPois    .         Spirit   .   k - +0 helmet
rElec    .         Reflect  .   (no cloak)
rCorr    .         Harm     .   (no gloves)
MR       .....                  (no boots)
Stlth    ++........             (no amulet)
HPRegen  0.11/turn              (no ring)
MPRegen  0.10/turn              (no ring)

@: no status effects
A: no striking features
a: no special abilities


You were on level 2 of the Dungeon.
You were hungry.

You visited 1 branch of the dungeon, and saw 2 of its levels.

You collected 115 gold pieces.

Inventory:

Hand Weapons
 f - a +1 hand axe (weapon)
   (You found it on level 1 of the Dungeon)
Armour
 a - a +0 robe (worn)
 i - a +1 ring mail of positive energy
   (You took it off a hobgoblin on level 1 of the Dungeon)
 k - a +0 helmet (worn)
   (You found it on level 1 of the Dungeon)
Jewellery
 n - an uncursed ring of positive energy {unknown}
   (You found it on level 2 of the Dungeon)
Scrolls
 c - 3 scrolls of magic mapping {unknown}
 d - a scroll of teleportation {@r4}
 g - 2 scrolls of identify {@r1}
 h - a scroll of remove curse {@r2}
 l - a scroll of enchant armour {unknown}
 m - a scroll of random uselessness {unknown}
Potions
 b - 2 potions of brilliance
 o - a potion of lignification {!q}
Comestibles
 e - 5 rations {!d}


   Skills:
 + Level 1.3 Fighting
 + Level 1.1 Axes
 + Level 0.2 Armour
 - Level 1.5 Dodging
 - Level 1.5 Stealth
 + Level 2.1 Spellcasting
 + Level 1.7 Conjurations
 + Level 4.0 Fire Magic


You had 4 spell levels left.
You knew the following spells:

 Your Spells              Type           Power        Failure   Level  Hunger
a - Flame Tongue          Conj/Fire      ##...        6%          1    #......
x - Throw Flame           Conj/Fire      ##....       10%         2    ###....

Your spell library contained the following spells:

 Spells                   Type           Power        Failure   Level  Hunger
 Conjure Flame            Conj/Fire      ##......     19%         3    ###....
 Inner Flame              Hex/Fire       #.......     26%         3    ###....
 Sticky Flame             Conj/Fire      ##......     54%         4    #####..
 Fireball                 Conj/Fire      ##........   87%         5    ######.


Dungeon Overview and Level Annotations

Branches:
Dungeon (2/15)

Altars:
Cheibriados
Kikubaaqudgha


Message History

No target in view!
No target in view!
No target in view!
No target in view!
No target in view!
No target in view!
No target in view!
No target in view!
You butcher the rat corpse.
p - a chunk of flesh Eating a chunk of flesh.
You eat the chunk of flesh.
You see here a robe.
You are feeling hungry.
Aim: a bullfrog (hasn't noticed you)
The flame tongue hits the bullfrog.
Aim: a bullfrog (lightly wounded)
The flame tongue misses the bullfrog.
The bullfrog closely misses you.
Aim: a bullfrog (lightly wounded)
The flame tongue hits the bullfrog.
The bullfrog misses you. The bullfrog hits you.
Aim: a bullfrog (moderately wounded)
The flame tongue misses the bullfrog.
The bullfrog hits you!
Aim: a bullfrog (moderately wounded)
The flame tongue misses the bullfrog.
The bullfrog hits you but does no damage.
The bullfrog hits you.
Aim: a bullfrog (moderately wounded)
The flame tongue hits the bullfrog.
The bullfrog closely misses you.
Aim: a bullfrog (moderately wounded)
The flame tongue misses the bullfrog.
The bullfrog hits you.
* * * LOW HITPOINT WARNING * * *
The bullfrog barely misses you.
Okay, then.
The bullfrog closely misses you.
Aim: a bullfrog (moderately wounded)
The flame tongue hits the bullfrog.
The bullfrog hits you.
* * * LOW HITPOINT WARNING * * *
The bullfrog closely misses you.
You miss the bullfrog. The bullfrog hits you.
* * * LOW HITPOINT WARNING * * *
The bullfrog barely misses you.
You closely miss the bullfrog. The bullfrog hits you.
* * * LOW HITPOINT WARNING * * *
The bullfrog hits you.
* * * LOW HITPOINT WARNING * * *
The bullfrog barely misses you.
As you read the scroll labeled HIJYTEF OHARGHA, it crumbles to dust.
The creatures around you are filled with an inner flame!
It was a scroll of immolation.
The bullfrog hits you!
You die...

###### ### #.####.# #....# ..#
#...... #######.##.# #.#.###...
........##.# ##.###.#.#
##########.# ##...#.##.# ##.##
#[# #.........# ##...###.#
##....#.####
###.....##.###########....###†###
##..............@F.....#..# ##(..
..#.....##.####.######....# ####
.......###.# #.# ##.#.#
..###.####.####.#######.#.#######
........................#........
#.###############################
#.# ..# ###


You could see a bullfrog (inner flame).

Vanquished Creatures
  An ooze (D:1)
  A dart slug (D:1)
  A leopard gecko (D:2)
  A ball python (D:2)
  A bat skeleton (D:2)
  4 bat zombies (D:2)
  5 giant cockroaches
  3 goblins (D:1)
  7 hobgoblins
  3 jackals (D:1)
  5 bats
  6 frilled lizards
  7 kobolds
  5 rats
50 creatures vanquished.

Notes
Turn   | Place    | Note
-------+----------+-------------------------------------------
     0 | D:1      | MalarOregon the Hill Orc Fire Elementalist began the quest
                  | for the Orb.
     0 | D:1      | Reached XP level 1. HP: 14/14 MP: 3/3
   220 | D:1      | Reached XP level 2. HP: 20/22 MP: 2/4
   662 | D:1      | Reached XP level 3. HP: 27/27 MP: 3/5
   706 | D:1      | Reached skill level 1 in Fighting
  1173 | D:1      | Learned a level 2 spell: Throw Flame
  1365 | D:2      | Reached skill level 1 in Axes
  1379 | D:2      | Found a snail-covered altar of Cheibriados.
  1409 | D:2      | Noticed a bullfrog
  1764 | D:2      | Reached skill level 4 in Fire Magic
  1780 | D:2      | Reached XP level 4. HP: 31/35 MP: 7/7
  1786 | D:2      | Found an ancient bone altar of Kikubaaqudgha.
  1889 | D:2      | Slain by a bullfrog

Skill      XL: |  1  2  3 |
---------------+----------+-----
Fighting       | 1 |  1.3
Spellcasting   | 2 |  2.1
Axes           | 1 |  1.1
Fire Magic     | 4 |  4.0
Armour         | |  0.2
Dodging        | |  1.5
Stealth        | |  1.5
Conjurations   | |  1.7

Action                   |  1- 3 |  4- 6 || total
-------------------------+-------+-------++-------
Melee: Unarmed           |    14 |       ||    14
       Hand axe          |    45 |     7 ||    52
 Cast: Flame Tongue      |    68 |     8 ||    76
  Use: Scroll            |     5 |     1 ||     6
  Eat: Chunk             |     3 |     1 ||     4
Armor: Robe              |    40 |     2 ||    42
Dodge: Dodged            |   106 |    17 ||   123
